 Dungeon Crawl Stone Soup version 0.28-b1-70-g80dc712255 (webtiles) character file.

Game seed: 15257466809080355095

95 crazypyro the Skirmisher (level 4, -3/35 HPs)
             Began as a Demonspawn Fighter on Feb 3, 2022.
             Slain by Crazy Yiuf (13 damage)
             ... on level 2 of the Dungeon.
             The game lasted 00:01:24 (2107 turns).

crazypyro the Skirmisher (Demonspawn Fighter)       Turns: 2107, Time: 00:01:25

Health: -3/35      AC:  8    Str: 19    XL:     4   Next: 39%
Magic:  4/4        EV: 11    Int:  9    God:
Gold:   74         SH:  4    Dex: 12    Spells: 3/3 levels left

rFire   . . .      SeeInvis .   a - +0 long sword
rCold   . . .      Faith    .   c - +0 buckler
rNeg    . . .      Spirit   .   b - +0 scale mail
rPois   .          Reflect  .   (no helmet)
rElec   .          Harm     .   k - +1 cloak
rCorr   .          Rampage  .   (no gloves)
Will    .....                   (no boots)
Stlth   ..........              (no amulet)
HPRegen 0.11/turn               (no ring)
MPRegen 0.09/turn               (no ring)

@: no status effects
A: repulsion field 1, powered by death 2
a: no special abilities


You were on level 2 of the Dungeon.
You visited 1 branch of the dungeon, and saw 2 of its levels.

You collected 74 gold pieces.

Inventory:

Hand Weapons
 a - a +0 long sword (weapon)
Armour
 b - a +0 scale mail (worn)
 c - a +0 buckler (worn)
 k - a +1 cloak (worn)
Scrolls
 f - a scroll of summoning {unknown}
 h - a scroll of vulnerability {unknown}
 i - a scroll of teleportation {unknown}
 m - a scroll of immolation {unknown}
Potions
 d - a potion of might
 e - 2 potions of haste {unknown}
 g - 2 potions of curing {unknown}
 j - a potion of flight {unknown}
 l - a potion of mutation {unknown}


   Skills:
 - Level 3.3 Fighting
 + Level 2.6 Long Blades
 - Level 3.0 Armour
 * Level 2.0 Dodging
 - Level 3.0 Shields


You had 3 spell levels left.
You didn't know any spells.
Your spell library contained the following spells:

 Spells                   Type           Power      Damage    Failure   Level
 Ensorcelled Hibernation  Hex/Ice        0%         N/A       94%         2
 Passwall                 Tmut/Erth      0%         N/A       94%         2
 Swiftness                Air            0%         N/A       99%         3


Dungeon Overview and Level Annotations

Branches:
Dungeon (2/15)

Altars:

Annotations:
D:2 Crazy Yiuf


Innate Abilities, Weirdness & Mutations

You are surrounded by a mild repulsion field. (EV +2)
You regenerate health from kills.


Message History

The worm misses you.
You slash the worm!
The worm is severely wounded.
The worm bites you.
You slash the worm!
You kill the worm!
Your Dodging skill increases to level 2!
No target in view!
You see here a worm corpse.
You see here a worm corpse.
You now have 74 gold pieces (gained 11).
Key pressed, stopping explore.
You open the door.
There is an open door here.
There is an escape hatch in the floor here.
Key pressed, stopping explore.
Crazy Yiuf laughs, "Tonal tea cower!"
No reachable target in view!
As you open the door, it creaks loudly!
You hit Crazy Yiuf.
Crazy Yiuf is lightly wounded.
Crazy Yiuf says, "Adder sow cloud!"
You block Crazy Yiuf's attack.
You hit Crazy Yiuf.
Crazy Yiuf is moderately wounded.
Crazy Yiuf hits you with a +4 quarterstaff of chaos.
Crazy Yiuf hits you with a +4 quarterstaff of chaos!
Crazy Yiuf freezes you.
You slash Crazy Yiuf!
Crazy Yiuf is severely wounded.
Crazy Yiuf hits you with a +4 quarterstaff of chaos.
Space warps around you.
* * * LOW HITPOINT WARNING * * *
You closely miss Crazy Yiuf.
Crazy Yiuf is severely wounded.
Crazy Yiuf barely misses you.
You barely miss Crazy Yiuf.
Crazy Yiuf is severely wounded.
Crazy Yiuf hits you with a +4 quarterstaff of chaos!
You die...

### #.######## #......... ####♣♣
### #.######## ##..#.♣♣ ♣♣#..)#
#..#....†. #.....P♣♣♣♣@g...#
#..##.###. ##.......♣..♣#...#
#......##. #..#.#P.♣.♣♣♣ ###
#..######. #####.####♣♣♣♣♣
#...#####. ......# #<..†.....
..##### ####### ####..#######
..#######.....#######............
####...####..............########
...+............####.#...........


You could see Crazy Yiuf.

Vanquished Creatures
  Terence (D:2)
  An adder (D:2)
  An ufetubus (D:2)
  2 worms (D:2)
  3 dart slugs
  3 ball pythons
  3 bats (D:1)
  6 endoplasms
  A giant cockroach (D:2)
  9 goblins
  3 hobgoblins (D:1)
  A quokka (D:1)
  A frilled lizard (D:1)
  3 kobolds
  2 rats
40 creatures vanquished.

Notes
Turn   | Place    | Note
-------+----------+-------------------------------------------
     0 | D:1      | crazypyro the Demonspawn Fighter began the quest for the
                  | Orb.
     0 | D:1      | Reached XP level 1. HP: 18/18 MP: 1/1
   316 | D:1      | Found a faded altar of an unknown god.
   354 | D:1      | Gained mutation: You are surrounded by a mild repulsion
                  | field. (EV +2) [demonic ancestry]
   354 | D:1      | Reached XP level 2. HP: 24/24 MP: 2/2
   903 | D:1      | Gained mutation: You regenerate a little health from kills.
                  | [demonic ancestry]
   903 | D:1      | Reached XP level 3. HP: 29/29 MP: 3/3
  1334 | D:2      | Reached skill level 1 in Dodging
  1375 | D:2      | Found a runed translucent door.
  1376 | D:2      | Noticed Crazy Yiuf
  1477 | D:2      | Noticed Terence
  1487 | D:2      | Killed Terence
  1488 | D:2      | Gained mutation: You regenerate health from kills. [demonic
                  | ancestry]
  1488 | D:2      | Reached XP level 4. HP: 21/35 MP: 4/4
  2107 | D:2      | Slain by Crazy Yiuf

Illustrated notes

Levels and vault maps discovered:
D:1:      dpeg_arrival_stone_temple_mockup, layout_rooms,
          ebering_ecumenical_altar_mist, minmay_pentomino_t4
D:2:      layout_basic, amethyst_killhole, uniq_crazy_yiuf_cottage, uniq_terence

Skill      XL: |  1  2  3  4 |
---------------+-------------+-----
Long Blades    | 2 |  2.6
Armour         | 3 |  3.0
Shields        | 3 |  3.0
Dodging        | 1 2 |  2.0
Fighting       | |  3.3

Action                   |  1- 3 |  4- 6 || total
-------------------------+-------+-------++-------
Melee: Long sword        |   103 |    24 ||   127
Armor: Scale mail        |    63 |     6 ||    69
Dodge: Dodged            |    65 |    12 ||    77
Block: Buckler           |    26 |    10 ||    36
